Map: Orbital Shipyard

Players

MCanning

  • Race: Protoss Protoss
  • League: Grandmaster

Kaldalis - Winner!

  • Race: Terran Terran
  • League: Grandmaster

VOD

Have the link to the VOD?

Description

Much respect for this player nice guy and good gamer!

Time

  • Played on: Dec. 11, 2015, 12:13 a.m.
  • Length: 4:00
Show
View Real Time Build Order
Export as new Build Order

MCanning Protoss 

Build Orders: 1 Gate Expand 

Get SALT Encoding   

  12  0:01  Probe (Chrono Boost)  
  13  0:11  Probe (Chrono Boost)  
  14  0:18  Pylon  
  14  0:22  Probe (Chrono Boost)  
  15  0:36  Probe (Chrono Boost)  
  15  0:41  Gateway  
  16  0:47  Probe (Chrono Boost)  
  17  0:56  Assimilator  
  17  0:57  Probe (Chrono Boost)  
  18  1:08  Probe (Chrono Boost)  
  19  1:21  Probe (Chrono Boost)  
  19  1:25  Nexus  
  20  1:32  Cybernetics Core  
  20  1:36  Probe (Chrono Boost)  
  21  1:42  Assimilator  
  21  1:46  Probe (Chrono Boost)  
  22  1:54  Pylon  
  22  1:57  Probe (Chrono Boost)  
  23  2:12  Adept (Chrono Boost), Mothership Core (Chrono Boost)  
  27  2:24  Pylon  
  27  2:31  Probe (Chrono Boost)  
  28  2:38  Pylon  
  28  2:39  Adept (Chrono Boost)  
  28  2:42  Probe  
  30  2:45  Pylon  
  25  3:03  Adept (Chrono Boost)  
  24  3:26  Adept (Chrono Boost)  
Show
View Real Time Build Order
Export as new Build Order

Kaldalis Terran - Winner!

Build Orders:  

Get SALT Encoding   

  12  0:01  SCV  
  13  0:14  Supply Depot  
  13  0:51  Barracks  
  13  0:52  Barracks  
  13  0:58  SCV  
  14  1:11  Barracks  
  14  1:14  SCV  
  15  1:38  Marine  
  15  1:39  Marine  
  17  1:41  Barracks  
  17  1:42  Supply Depot  
  17  1:56  Marine  
  17  1:57  Marine  
  17  1:58  Marine  
  20  2:14  Marine  
  20  2:15  Marine  
  22  2:16  Marine  
  23  2:29  Marine  
  24  2:32  Marine  
  24  2:33  Marine  
  24  2:34  Marine  
  26  2:47  Marine  
  26  2:49  Marine  
  26  2:51  Marine x2  
  28  3:04  Marine  
  27  3:07  Marine  
  27  3:08  Marine  
  27  3:09  Marine  
  29  3:22  Marine  
  29  3:25  Marine  
  29  3:26  Marine  
  30  3:27  Marine  
  27  3:40  Marine  
Tags
 
Add a new tag
Caveats
  • Supply blocks, unpowered buildings, or Contaminate may cause inaccurate times.
  • Supply counts are checked every 10 seconds.